 Dungeon Crawl Stone Soup version 0.27.0-1-g7a08968 (webtiles) character file.

Game seed: 7549400247863541491

1090 BALLS the Magician (level 8, -4/56 HPs)
             Began as a Mummy Conjurer on Jan 20, 2022.
             Slain by an orc (7 damage)
             ... on level 5 of the Dungeon.
             The game lasted 00:11:46 (5187 turns).

BALLS the Magician (Mummy Conjurer)                 Turns: 5187, Time: 00:11:47

Health: -4/56      AC:  3    Str: 10    XL:     8   Next: 9%
Magic:  15/18      EV: 12    Int: 19    God:
Gold:   165        SH:  0    Dex: 17    Spells: 8/21 levels left

rFire    x . .     SeeInvis .   d - +0 dagger
rCold    + + .     Faith    .   (no shield)
rNeg     + + +     Spirit   .   a - +0 robe
rPois    ∞         Reflect  .   (no helmet)
rElec    .         Harm     .   (no cloak)
rCorr    .         Rampage  .   c - +0 pair of gloves
Will     +....                  (no boots)
Stlth    +++.......             (no amulet)
HPRegen  0.18/turn              e - ring of protection from cold
MPRegen  0.16/turn              f - +6 ring of dexterity

@: no status effects
A: cold resistance 1, negative energy resistance 3, torment resistance 2, heat
vulnerability 1, no potions
a: no special abilities


You were on level 5 of the Dungeon.
You visited 1 branch of the dungeon, and saw 5 of its levels.

You collected 165 gold pieces.

Inventory:

Hand Weapons
 d - a +0 dagger (weapon)
Missiles
 k - 6 atropa-tipped darts
Armour
 a - a +0 robe (worn)
 c - a +0 pair of gloves (worn)
Jewellery
 e - a ring of protection from cold (left hand)
 f - a +6 ring of dexterity (right hand)
Wands
 o - a wand of paralysis (7)
Scrolls
 b - a scroll of enchant armour {unknown}
 g - a scroll of brand weapon {unknown}
 h - 2 scrolls of identify {unknown}
 i - a scroll of acquirement {unknown}
 j - a scroll of immolation {unknown}
 l - a scroll of magic mapping {unknown}
 m - 2 scrolls of amnesia {unknown}
 n - a scroll of teleportation {unknown}


   Skills:
 - Level 2.0 Fighting
 - Level 1.5 Dodging
 - Level 4.0 Stealth
 - Level 7.0 Spellcasting
 - Level 5.0 Conjurations
 - Level 3.0 Hexes
 - Level 1.7 Poison Magic


You had 8 spell levels left.
You knew the following spells:

 Your Spells              Type           Power      Damage    Failure   Level
a - Magic Dart            Conj           100%       1d8       1%          1
b - Searing Ray           Conj           50%        3d5       1%          2
c - Dazzling Flash        Conj/Hex       42%        N/A       6%          3
d - Fulminant Prism       Conj/Hex       10%        3d9       19%         4
e - Mephitic Cloud        Conj/Pois/Air  15%        N/A       12%         3

Your spell library contained the following spells:

 Spells                   Type           Power      Damage    Failure   Level
 Call Imp                 Summ           6%         N/A       16%         2
 Iskenderun's Mystic Bla  Conj/Tloc      16%        2d5       34%         4


Dungeon Overview and Level Annotations

Branches:
Dungeon (5/15)
 Temple: D:4-7

Altars:
Elyvilon
Okawaru

Shops:
D:3 (   D:5 [

Annotations:
D:5 Sigmund


Innate Abilities, Weirdness & Mutations

You are immune to poison.
Your flesh is cold resistant. (rC+)
You are immune to negative energy. (rN+++)
You are immune to unholy pain and torment.
You are vulnerable to heat. (rF-)
You do not drink.


Message History

There is a stone staircase leading down here.
Found a dark potion.
Found an escape hatch in the ceiling.
Okay, then. 2 orcs come into view.
There is an escape hatch in the ceiling here.
Sigmund shouts!
You hear a shout!
The orc shouts!
You hear a shout!
Sigmund drinks a potion.
Sigmund suddenly seems more resistant.
Sigmund gestures at you while chanting. The magic dart hits you.
Sigmund says, "I'm your fate."
Sigmund mumbles some strange words.
Sigmund flickers and vanishes!
Deactivating autopickup; reactivate with Ctrl-A.
You are confused.
You bump into the rock wall.
You're too confused to move!
Something hits you!
You bump into the rock wall.
You hear some strange, mumbled words.
You are more confused.
You bump into the rock wall.
Something hits you. The orc barely misses you. Something hits you!
The orc hits you with a +0 mace. Something hits you!
* * * LOW HITPOINT WARNING * * *
You closely miss the orc.
You feel less confused. The orc misses you.
Casting: Searing Ray (safe; 1% risk of failure)
Confirm with . or Enter, or press ? or * to list all spells.
Aiming: Searing Ray (safe; 1% risk of failure)
Press: ? - help, Shift-Dir - straight line, f - orc
Aim: an orc, wielding a +0 mace and wearing a +0 leather armour (79% to hit)
The searing ray misses the orc.
The searing ray hits something. (Press . to maintain the ray.)
The orc barely misses you. Something hits you!
* * * LOW HITPOINT WARNING * * *
The searing ray hits the orc.
The orc is severely wounded.
The searing ray hits something!
The orc hits you with a +0 mace!
You die...

#........................).....
##..)#######...........######...
#.........##...........# #...
#.........##...........# #...
#.........########.....# #...
#.........# #.....# ####
##.........# #######
...>.###################
....>.........{o@.......
.....#######.###########
.................#
.................#
.................#
.....)).)........#
.................#
.................#
.................#


You could see an orc.

Vanquished Creatures
  An ice beast (D:5)
  2 black bears
  A necrophage (D:4)
  An ogre (D:5)
  A bullfrog (D:4)
  A scorpion (D:4)
  A water moccasin zombie (D:3)
  A jelly (D:4)
  2 orc priests (D:5)
  An iguana (D:5)
  2 orc wizards (D:5)
  2 hound skeletons
  6 adders
  10 gnolls
  A shadow imp (D:5)
  An adder zombie (D:5)
  A worm (D:4)
  2 dart slugs (D:4)
  12 orcs
  6 ball pythons
  5 endoplasms
  6 goblins
  4 hobgoblins
  2 jackals (D:2)
  4 quokkas
  5 bats
  5 frilled lizards
  7 kobolds
  3 rats
96 creatures vanquished.

Notes
Turn   | Place    | Note
-------+----------+-------------------------------------------
     0 | D:1      | BALLS the Mummy Conjurer began the quest for the Orb.
     0 | D:1      | Reached XP level 1. HP: 13/13 MP: 4/4
   113 | D:1      | Reached skill level 3 in Spellcasting
   426 | D:1      | Found a faded altar of an unknown god.
   506 | D:1      | Reached XP level 2. HP: 19/19 MP: 2/6
   942 | D:1      | Learned a level 2 spell: Searing Ray
  1051 | D:2      | Reached skill level 4 in Spellcasting
  1313 | D:2      | Reached XP level 3. HP: 24/24 MP: 5/8
  1536 | D:2      | Reached skill level 5 in Spellcasting
  1541 | D:2      | Reached XP level 4. HP: 30/30 MP: 0/11
  2291 | D:3      | Found Limeaceh's Weapon Emporium.
  2548 | D:3      | Reached XP level 5. HP: 13/35 MP: 2/13
  3404 | D:3      | Found an iron altar of Okawaru.
  3758 | D:4      | Noticed a necrophage
  3773 | D:4      | Killed a necrophage
  3774 | D:4      | Reached skill level 6 in Spellcasting
  3774 | D:4      | Reached XP level 6. HP: 41/41 MP: 5/15
  4041 | D:4      | Reached skill level 7 in Spellcasting
  4041 | D:4      | Reached skill level 5 in Conjurations
  4151 | D:4      | Reached XP level 7. HP: 46/46 MP: 13/17
  4513 | D:5      | Entered Level 5 of the Dungeon
  4689 | D:5      | Learned a level 3 spell: Dazzling Flash
  4696 | D:5      | Reached skill level 1 in Hexes
  4932 | D:5      | Learned a level 4 spell: Fulminant Prism
  4936 | D:5      | Learned a level 3 spell: Mephitic Cloud
  4964 | D:5      | Reached XP level 8. HP: 56/56 MP: 11/18
  5025 | D:5      | Reached skill level 1 in Poison Magic
  5041 | D:5      | Found Zesar's Armour Shop.
  5073 | D:5      | Noticed Sigmund
  5187 | D:5      | Slain by an orc

Illustrated notes

Levels and vault maps discovered:
D:1:      eino_arrival_cavern_a, layout_rooms,
          shapermc_ecumenical_altar_flowoftime, minmay_tetromino_s2
D:2:      layout_loops_ring, basic_altar
D:3:      layout_basic, okawaru_gym_becter, serial_shops, shop, dk_vineyard_2
D:4:      layout_gridville
D:5:      minmay_evil_eye, layout_basic, minmay_temple_entry_stoned_glass,
          serial_shops, shop, uniq_blork_the_orc, uniq_sigmund, uniq_menkaure

Skill      XL: |  1  2  3  4  5  6  7  8 |
---------------+-------------------------+-----
Spellcasting   | 3 4 5 6 7 |  7.0
Conjurations   | 4 5 |  5.0
Stealth        | 2 4 |  4.0
Hexes          | 3 |  3.0
Fighting       | 2 |  2.0
Poison Magic   | 1 |  1.7
Dodging        | |  1.5

Action                   |  1- 3 |  4- 6 |  7- 9 || total
-------------------------+-------+-------+-------++-------
Melee: Dagger            |     1 |     9 |     2 ||    12
 Cast: Magic Dart        |    40 |    33 |     4 ||    77
       Searing Ray       |     6 |    28 |    22 ||    56
 Stab: Sleeping          |       |     1 |       ||     1
Armor: Robe              |     4 |     6 |     4 ||    14
Dodge: Dodged            |     9 |    31 |    11 ||    51
